 Dungeon Crawl Stone Soup version 0.28-a0-21-gf74fda84f9 (webtiles) character file.

Game seed: 14449292457941531633

49189 wakim the Impaler (level 14, -23/104 HPs)
             Began as a Merfolk Gladiator on July 26, 2021.
             Was the Champion of Zin.
             Annihilated by a boulder beetle (49 damage)
             ... on level 3 of the Lair of Beasts.
             The game lasted 01:12:50 (24119 turns).

wakim the Impaler (Merfolk Gladiator)              Turns: 24119, Time: 01:12:51

Health: -23/104    AC: 14    Str: 16    XL:     14   Next: 49%
Magic:  21/21      EV: 19    Int:  7    God:    Zin [******]
Gold:   1962       SH:  0    Dex: 19    Spells: 13/13 levels left

rFire   . . .      SeeInvis .   a - +5 scythe "Finisher" {speed, eviscerate}
rCold   . . .      Faith    +   (shield currently unavailable)
rNeg    . . .      Spirit   .   S - +2 ring mail {Will+}
rPois   +          Reflect  .   I - +2 helmet
rElec   .          Harm     .   p - +0 cloak {rCorr}
rCorr   +          Rampage  .   D - +0 pair of gloves
Will    +++..                   m - +1 pair of boots {Fly}
Stlth   +++.......              G - amulet of faith
HPRegen 0.27/turn               h - ring of poison resistance
MPRegen 0.17/turn               e - ring of willpower

@: flying
A: (nimble swimmer 2), mertail
a: Renounce Religion, Recite, Vitalisation, Imprison, Sanctuary, Donate Gold


You were on level 3 of the Lair of Beasts.
You worshipped Zin.
Zin was exalted by your worship.
You visited 3 branches of the dungeon, and saw 18 of its levels.
You also visited: Sewer.

You collected 2320 gold pieces.
You spent 202 gold pieces at shops.
You donated 156 gold pieces to Zin.

Inventory:

Hand Weapons
 a - the +5 scythe "Finisher" (weapon) {speed, eviscerate}
   (You found it on level 9 of the Dungeon)

   Attacks with this weapon are significantly faster.
   It may eviscerate those it strikes, slaying them instantly, with a decreasing
   chance against stronger foes.
 b - the +9 hunting sling of the Puffball {speed, rN+}
   (You found it on level 7 of the Dungeon)

   Attacks with this weapon are significantly faster.
   rN:        It protects you from negative energy.
 c - a +0 halberd of venom
 N - a +0 glaive
Missiles
 i - 9 throwing nets {=f!f}
 j - 45 sling bullets
 k - 7 atropa-tipped darts
 z - 12 curare-tipped darts {=f}
Armour
 d - a +0 hat of see invisible
 l - a +0 troll leather armour
 m - a +1 pair of boots of flying (worn)
 n - a +0 kite shield
 p - a +0 cloak of preservation (worn)
 D - a +0 pair of gloves (worn)
 I - a +2 helmet (worn)
 L - a +1 leather armour of willpower
 S - a +2 ring mail of willpower (worn)
Jewellery
 e - a ring of willpower (right hand)
 h - a ring of poison resistance (left hand)
 y - a ring of see invisible
 G - an amulet of faith (around neck)
Wands
 q - a wand of iceblast (16)
 t - a wand of digging (9)
 u - a wand of mindburst (8)
 v - a wand of flame (58)
 w - a wand of acid (8)
 x - a wand of charming (21)
Scrolls
 f - 4 scrolls of enchant weapon
 g - 4 scrolls of enchant armour
 r - 2 scrolls of identify
 s - 5 scrolls of amnesia
 P - a scroll of torment {unknown}
 Q - 3 scrolls of immolation {!r!r}
 R - 5 scrolls of magic mapping {!r}
 T - 7 scrolls of teleportation
 U - 3 scrolls of fear
 V - a scroll of vulnerability {!r!r}
 X - a scroll of fog
 Y - 3 scrolls of blinking {!r}
 Z - a scroll of silence {!r}
Potions
 o - a potion of brilliance {unknown}
 A - a potion of ambrosia
 B - 2 potions of attraction {!q}
 C - a potion of berserk rage {!q}
 E - a potion of cancellation
 F - 6 potions of curing
 H - 3 potions of haste
 J - a potion of heal wounds
 K - 2 potions of magic
 M - a potion of mutation
 O - a potion of resistance


   Skills:
 + Level 7.8 Fighting
 * Level 18.6 Polearms
 - Level 5.8(6.0) Slings
 - Level 2.0(4.8) Throwing
 * Level 14.1 Dodging
 + Level 8.1 Stealth
 - Level 10.0 Shields
 - Level 10.0 Invocations


You had 13 spell levels left.
You didn't know any spells.
Your spell library contained the following spells:

 Spells                   Type           Power      Damage    Failure   Level
 Summon Small Mammal      Summ           0%         N/A       65%         1
 Corpse Rot               Necr/Air       N/A        N/A       80%         2
 Poisonous Vapours        Pois/Air       0%         N/A       80%         2
 Slow                     Hex            0%         N/A       80%         2
 Static Discharge         Conj/Air       0%         N/A       80%         2
 Call Canine Familiar     Summ           0%         N/A       95%         3
 Confusing Touch          Hex            0%         N/A       95%         3
 Dazzling Flash           Conj/Hex       0%         N/A       95%         3
 Ignite Poison            Fire/Tmut/Pois 0%         N/A       95%         3
 Inner Flame              Hex/Fire       0%         N/A       95%         3
 Mephitic Cloud           Conj/Pois/Air  0%         N/A       95%         3
 Summon Guardian Golem    Hex/Summ       0%         N/A       95%         3
 Airstrike                Air            0%         N/A       100%        4
 Cause Fear               Hex            0%         N/A       100%        4
 Iskenderun's Mystic Bla  Conj/Tloc      0%         2d3       100%        4
 Petrify                  Tmut/Erth      0%         N/A       100%        4
 Summon Lightning Spire   Summ/Air       0%         N/A       100%        4
 Agony                    Necr           0%         N/A       100%        5
 Bolt of Magma            Conj/Fire/Erth 0%         4d4       100%        5
 Freezing Cloud           Conj/Ice/Air   0%         6-21      100%        5
 Lightning Bolt           Conj/Air       0%         1d11      100%        5
 Metabolic Englaciation   Hex/Ice        0%         N/A       100%        5
 Silence                  Hex/Air        0%         N/A       100%        5
 Yara's Violent Unravell  Hex/Tmut       0%         3d3       100%        5
 Starburst                Conj/Fire      0%         8x6d3     100%        6
 Statue Form              Tmut/Erth      0%         N/A       100%        6
 Orb of Destruction       Conj           0%         N/A       100%        7
 Spellforged Servitor     Conj/Summ      0%         N/A       100%        7
 Discord                  Hex            0%         N/A       100%        8
 Maxwell's Capacitive Co  Air            0%         ∞         100%        8
 Chain Lightning          Conj/Air       0%         N/A       100%        9
 Fire Storm               Conj/Fire      0%         5d1       100%        9


Dungeon Overview and Level Annotations

Branches:
Dungeon (11/15)            Temple (1/1) D:5            Lair (6/6) D:11
 Shoals (0/4) Lair:3        Snake (0/4) Lair:3        Slime (0/5) Lair:6
    Orc (0/2) D:11          Sewer (visited)

Altars:
Ashenzari
Cheibriados
Dithmenos
Elyvilon
Fedhas
Gozag
Hepliaklqana
Kikubaaqudgha
Makhleb
Nemelex Xobeh
Okawaru
Qazlal
Ru
Sif Muna
Trog
Uskayaw
Vehumet
Wu Jian
Xom
Yredelemnul
Zin
The Shining One

Shops:
D:4 [

Annotations:
Lair:3 3 runed translucent doors


Innate Abilities, Weirdness & Mutations

((You are quick and stealthy near water. (Stealth+, EV+, Speed+++)))
Your lower body shifts to a powerful aquatic tail in water.


Message History

The boulder beetle looks even sicker.
The boulder beetle convulses.
The boulder beetle seems to be slow for longer.
The boulder beetle is heavily wounded.
The boulder beetle bites you but does no damage.
Throw: 13 darts (curare) {=f}
Press: ? - help, Shift-Dir - straight line, f - boulder beetle, p - boulder beetle
Aim: a boulder beetle (91% to hit)
You throw a curare-tipped dart {=f}.
The curare-tipped dart {=f} hits the boulder beetle.
The boulder beetle is poisoned.
The boulder beetle convulses.
The boulder beetle seems to slow down.
The boulder beetle is lightly wounded.
The boulder beetle hits you!!
* * * LOW HITPOINT WARNING * * *
The boulder beetle stops rolling and uncurls.
The boulder beetle curls into a ball and begins rolling! x2
The boulder beetle enters a dispersal trap!
The boulder beetle leaps! x2; You blink.
The boulder beetle leaps!
You see here a curare-tipped dart {=f}.
The boulder beetle misses you.
The boulder beetle stops rolling and uncurls.
You hit the boulder beetle but do no damage.
The boulder beetle is severely wounded.
The boulder beetle hits you!
* * * LOW HITPOINT WARNING * * *
The boulder beetle stops rolling and uncurls.
You feel much better.
The boulder beetle bites you but does no damage.
The boulder beetle is no longer moving slowly. x2
The boulder beetle leaps!
You hit the boulder beetle.
You blow up the boulder beetle!
The boulder beetle curls into a ball and begins rolling!
The boulder beetle enters a dispersal trap!
You blink.
The boulder beetle leaps!
There are no items here.
You hit the boulder beetle but do no damage.
The boulder beetle is heavily wounded.
The boulder beetle hits you!!!
You die...

.....#....#
#.###.#
##.......
.....##...#
##[...##
#P.......
......#...#
###°)####
##.......
.....P#...#
##..°##
#........
.....##...#
#.##○#
##.......
.....##..##
##..(###
#........
#.P.###...#
###...#
#........
#P..##....#
##B''##
##.......
.........##
#.@...#
#........
..........#
##+++##
##.......
.........##


Skk^S# #....... .........# #°...S# ##....... .#..##...## #§$.!☼# #P.....##
...#.##...# #°8=8○# #......# #.........# ####### #......# #.....#...# #......#
#....P#..###### #######......## You could see a boulder beetle (rolling,
poisoned), 2 lindwurms and 3 lava snakes.

Vanquished Creatures
  Gastronok (Lair:3)
  A dire elephant (Lair:6)
  Harold (Lair:1)
  4 hydras
  3 boulder beetles
  A centaur warrior (D:9)
  2 catoblepae (Lair:6)
  A two-headed ogre (D:9)
  8 death yaks
  Sonja (D:10)
  A skeletal warrior (D:9)
  3 manticores
  3 oklob plants (Lair:6)
  5 elephants
  6 black mambas
  A torpor snail (Lair:6)
  Maggie (D:10)
  13 cane toads
  A rime drake (Lair:5)
  4 komodo dragons
  3 trolls
  A jumping spider (Lair:3)
  2 polar bears
  14 dream sheep
  4 blink frogs
  3 redbacks (Lair:3)
  3 wyverns
  4 wraiths
  36 yaks
  3 basilisks
  3 steam dragons
  3 nagas (Lair:3)
  An acid dragon (D:8)
  16 water moccasins
  4 black bears
  2 orc warriors
  3 sky beasts
  An ice beast (D:6)
  2 necrophages
  2 ogres
  12 wolves
  7 centaurs
  2 phantoms (D:5)
  2 kobold brigands
  Blork the orc (D:6)
  A wyvern zombie (D:7)
  19 bullfrogs
  2 gnoll sergeants (D:8)
  2 scorpions
  A water moccasin skeleton (D:5)
  13 wights
  8 killer bees
  2 vampire bats (Lair:6)
  2 howler monkeys
  A jelly (D:6)
  3 hounds
  4 centaur zombies
  4 orc priests
  A gnoll shaman (D:4)
  2 centaur skeletons (D:5)
  Natasha (thrice) (D:2)
  2 iguanas
  8 orc wizards
  A killer bee zombie (D:5)
  A hound zombie (D:5)
  2 hound skeletons (D:5)
  Robin (D:3)
  19 gnolls
  A river rat (D:4)
  9 adders
  2 shadow imps
  A white imp (D:5)
  2 ufetubi (D:5)
  2 worms
  3 dart slugs
  18 orcs
  7 endoplasms
  12 giant cockroaches
  21 goblins
  8 hobgoblins
  20 jackals
  4 quokkas
  7 ball pythons
  15 bats
  9 frilled lizards
  14 kobolds
  2 rats
  3 plants (Lair:3)
457 creatures vanquished.

Vanquished Creatures (others)
  2 jackals (D:4)
  11 fungi
  13 plants
26 creatures vanquished.

Grand Total: 483 creatures vanquished

Notes
Turn   | Place    | Note
-------+----------+-------------------------------------------
     0 | D:1      | wakim the Merfolk Gladiator began the quest for the Orb.
     0 | D:1      | Reached XP level 1. HP: 16/16 MP: 1/1
   318 | D:1      | Reached XP level 2. HP: 23/23 MP: 2/2
   599 | D:1      | Reached skill level 5 in Polearms
   616 | D:1      | Reached XP level 3. HP: 24/28 MP: 3/3
   679 | D:1      | Found a faded altar of an unknown god.
  1403 | D:2      | Noticed Natasha
  1695 | D:2      | Killed Natasha
  1696 | D:2      | Reached skill level 5 in Dodging
  1696 | D:2      | Reached XP level 4. HP: 6/34 MP: 4/4
  2010 | D:2      | Reached skill level 1 in Stealth
  2095 | D:2      | Found a glowing golden altar of the Shining One.
  2246 | D:2      | Noticed Natasha
  2254 | D:2      | Killed Natasha
  2255 | D:2      | Reached skill level 6 in Polearms
  2255 | D:2      | Reached XP level 5. HP: 34/41 MP: 5/5
  2322 | D:2      | Noticed Natasha
  2331 | D:2      | Killed Natasha
  3199 | D:3      | Noticed Robin
  3228 | D:3      | Killed Robin
  4174 | D:4      | Reached XP level 6. HP: 47/47 MP: 6/6
  4184 | D:4      | Noticed a steam dragon
  4303 | D:4      | Found a glowing drain.
  4312 | Sewer    | Entered a sewer
  4535 | Sewer    | Reached skill level 7 in Polearms
  4688 | D:4      | Noticed a black bear
  4712 | D:4      | Reached XP level 7. HP: 28/53 MP: 7/7
  5065 | D:4      | Found Cetaofig's Antique Armour Emporium.
  5381 | D:4      | Reached skill level 8 in Polearms
  5600 | D:5      | Entered Level 5 of the Dungeon
  5734 | D:5      | Found a staircase to the Ecumenical Temple.
  5743 | Temple   | Entered the Ecumenical Temple
  6424 | Temple   | Became a worshipper of Zin the Law-Giver
  6424 | Temple   | Reached * piety under Zin
  6544 | D:4      | Reached XP level 8. HP: 47/61 MP: 8/8
  6683 | D:5      | Reached skill level 1 in Shields
  7096 | D:5      | Reached ** piety under Zin
  7148 | D:5      | Reached skill level 9 in Polearms
  7435 | D:5      | Reached skill level 5 in Fighting
  7435 | D:5      | Reached skill level 1 in Invocations
  7789 | D:6      | Reached XP level 9. HP: 54/68 MP: 10/10
  7874 | D:6      | Noticed Blork the orc
  7882 | D:6      | Reached skill level 10 in Polearms
  7894 | D:6      | Killed Blork the orc
  7908 | D:6      | Reached skill level 5 in Stealth
  8239 | D:5      | Reached *** piety under Zin
  8674 | D:4      | Identified the +4 scimitar of Joaledef {vorpal, Str+4
                  | Stlth+}
  8713 | D:4      | Bought an embroidered cloak for 202 gold pieces
  8798 | D:7      | Reached skill level 11 in Polearms
  8877 | D:7      | Identified the +9 hunting sling of the Puffball {speed,
                  | rN+}
  9444 | D:7      | Reached **** piety under Zin
  9840 | D:7      | Reached skill level 1 in Slings
 10219 | D:7      | Reached skill level 12 in Polearms
 10280 | D:7      | Reached XP level 10. HP: 66/74 MP: 13/13
 11337 | D:8      | Reached skill level 5 in Invocations
 11957 | D:8      | Reached skill level 13 in Polearms
 12851 | D:9      | Noticed a two-headed ogre
 12889 | D:9      | Killed a two-headed ogre
 13292 | D:9      | Noticed a centaur warrior
 13673 | D:9      | Found the +5 scythe "Finisher" {speed, eviscerate}
 13776 | D:9      | Noticed a skeletal warrior
 13851 | D:9      | Killed a skeletal warrior
 13852 | D:9      | Reached skill level 10 in Dodging
 13852 | D:9      | Reached skill level 5 in Shields
 13852 | D:9      | Reached XP level 11. HP: 7/81 MP: 15/15
 14298 | D:9      | Killed a centaur warrior
 14299 | D:9      | Reached skill level 14 in Polearms
 14328 | D:10     | Entered Level 10 of the Dungeon
 14622 | D:10     | Reached ***** piety under Zin
 14662 | D:10     | Noticed Sonja
 14672 | D:10     | Killed Sonja
 15289 | D:10     | Found a broken altar of Ashenzari.
 15289 | D:10     | Noticed Maggie
 15307 | D:10     | Killed Maggie
 15359 | D:11     | Noticed a death yak
 15359 | D:11     | Noticed a death yak
 15653 | D:11     | Noticed a manticore
 15663 | D:11     | Killed a manticore
 15717 | D:11     | Found a staircase to the Lair.
 15717 | D:11     | Noticed a death yak
 15726 | D:11     | Noticed a death yak
 15729 | D:11     | Killed a death yak
 15731 | D:11     | Noticed a death yak
 15739 | D:11     | Killed a death yak
 15764 | D:11     | Killed a death yak
 15769 | D:11     | Killed a death yak
 15774 | D:11     | Killed a death yak
 15775 | D:11     | Reached XP level 12. HP: 42/88 MP: 15/17
 16113 | D:11     | Reached skill level 5 in Slings
 16138 | D:11     | Found a staircase to the Orcish Mines.
 16673 | Lair:1   | Entered Level 1 of the Lair of Beasts
 17011 | Lair:1   | Noticed Harold
 17025 | Lair:1   | Killed Harold
 17549 | Lair:2   | Reached skill level 15 in Polearms
 17793 | Lair:2   | Noticed an eight-headed hydra
 17802 | Lair:2   | Killed an eight-headed hydra
 17935 | Lair:2   | Noticed a six-headed hydra
 17945 | Lair:2   | Killed an eight-headed hydra
 18388 | Lair:2   | Identified a scroll of acquirement
 18389 | Lair:2   | Acquired a +1 pair of boots of flying
 18412 | Lair:3   | Found a staircase to the Snake Pit.
 18731 | Lair:3   | Reached ****** piety under Zin
 18742 | Lair:3   | Found a staircase to the Shoals.
 18780 | Lair:3   | Noticed Gastronok
 18790 | Lair:3   | Killed Gastronok
 18857 | Lair:3   | You are sucked into a shaft and drop 2 floors!
 18869 | Lair:5   | Reached skill level 16 in Polearms
 18962 | Lair:5   | Reached XP level 13. HP: 82/93 MP: 16/19
 19660 | Lair:5   | Reached skill level 10 in Invocations
 19800 | Lair:5   | Reached skill level 17 in Polearms
 20219 | Lair:3   | Found a runed translucent door.
 21121 | Lair:4   | Acquired 931 gold pieces
 21496 | Lair:6   | Entered Level 6 of the Lair of Beasts
 21602 | Lair:6   | Found a staircase to the Slime Pits.
 21843 | Lair:6   | Reached skill level 10 in Shields
 22013 | Lair:6   | HP: 1/95 [12-headed hydra (10)]
 22353 | Lair:6   | Reached XP level 14. HP: 101/101 MP: 21/21
 22770 | Lair:6   | Reached skill level 18 in Polearms
 22997 | Lair:6   | Noticed a dire elephant
 23030 | Lair:6   | HP: 5/103 [dire elephant (20)]
 23037 | Lair:6   | Killed a dire elephant
 24076 | Lair:3   | Found a runed translucent gate.
 24080 | Lair:3   | Found a runed translucent gate.
 24081 | Lair:3   | Found a runed translucent gate.
 24081 | Lair:3   | Found a runed translucent gate.
 24081 | Lair:3   | Found a runed translucent gate.
 24082 | Lair:3   | Found a runed translucent gate.
 24111 | Lair:3   | HP: 2/104 [boulder beetle (14)]
 24119 | Lair:3   | Annihilated by a boulder beetle

Illustrated notes

Levels and vault maps discovered:
D:1:      psy_arrival_terrarium, layout_loops_corners,
          chequers_ecumenical_altar_lobes, st_stairs_5
D:2:      layout_loops_corners, basic_altar, minmay_small_reverse_x,
          uniq_natasha
D:3:      layout_loops_cross, uniq_robin
D:4:      layout_loops_ring, serial_shops, shop, portal_sewer_entry_a
D:5:      layout_layer_cave, minmay_temple_entry_butterflies, nzn_random_ring
D:6:      layout_gridville, minmay_misc_feat_plants, uniq_blork_the_orc
D:7:      cheibrodos_barr_body, layout_layer_cave
D:8:      black_bear_nest_1, layout_rooms, eino_jars
D:9:      layout_stronghold, nicolae_wand_duel, minmay_guarded_unrand_finisher
D:10:     layout_loops_corners, mainiacjoe_overflow_alcove_4, uniq_maggie,
          uniq_sonja
D:11:     layout_stronghold, dpeg_lair_monsters
Temple:   nicolae_temple_the_god_donut
Lair:1:   layout_cave_pods, cheibrodos_lair_caveside_slide, lemuel_fruit_tree,
          infiniplex_staircase_pool, serial_bayou_shore_b, uniq_harold
Lair:2:   layout_regular_city
Lair:3:   gammafunk_indiana_jones, layout_regular_city,
          elwin_shoals_entry_rocks, minmay_snake_entry_guardpost_small,
          minmay_holes, hibernation_bobbens, uniq_gastronok
Lair:4:   layout_hall_layers
Lair:5:   layout_small_grid, beast_lair_carwin_1, grunt_megastairs_3,
          lemuel_fruit_fields
Lair:6:   hangedman_lair_in_review, layout_cave_pods,
          minmay_slime_entry_oklob_enclosed, bh_autumn_forest_stairs,
          roderic_batcave, nzn_sisyphean_effort

Skill      XL: |  1  2  3  4  5  6  7  8  9 10 11 12 13 14 |
---------------+-------------------------------------------+-----
Polearms       | 5 6 7 8 9 12 13 14 16 17 18 | 18.6
Dodging        | 5 6 7 8 10 12 13 14 | 14.1
Stealth        | 1 2 3 4 6 7 8 |  8.1
Fighting       | 3 4 5 6 7 |  7.8
Shields        | 3 4 5 6 8 10 | 10.0
Invocations    | 1 4 5 6 9 10 | 10.0
Slings         | 2 3 4 5 |  5.8
Throwing       | |  2.0

Action                   |  1- 3 |  4- 6 |  7- 9 | 10-12 | 13-15 || total
-------------------------+-------+-------+-------+-------+-------++-------
Melee: Trident           |   112 |   221 |   420 |   274 |       ||  1027
       Tailslap          |       |     3 |       |       |       ||     3
       Spear             |       |       |       |    41 |       ||    41
       Scythe            |       |       |       |   249 |   441 ||   690
 Fire: Hunting sling     |       |    19 |    39 |    67 |    61 ||   186
Throw: Dart              |       |       |       |       |     6 ||     6
Invok: Recite            |       |       |     5 |     8 |       ||    13
       Imprison          |       |       |       |     1 |       ||     1
       Vitalisation      |       |       |       |     3 |     6 ||     9
Evoke: Wand              |       |       |       |       |     5 ||     5
  Use: Scroll            |       |     8 |     7 |     8 |     3 ||    26
       Potion            |       |       |       |       |     2 ||     2
 Stab: Sleeping          |     5 |     5 |    11 |    13 |     6 ||    40
       Confused          |       |       |     1 |     2 |       ||     3
       Distracted        |       |       |       |     2 |     2 ||     4
       Petrified         |       |       |       |       |     3 ||     3
Armor: Leather armour    |    36 |    41 |    72 |       |       ||   149
       Steam dragon scal |       |       |    10 |    19 |       ||    29
       Acid dragon scale |       |       |       |    26 |       ||    26
       Troll leather arm |       |       |       |    51 |   108 ||   159
       Ring mail         |       |       |       |       |     5 ||     5
Dodge: Dodged            |    44 |   111 |   254 |   408 |   446 ||  1263
Block: Buckler           |       |       |    50 |    51 |       ||   101

Table legend: (Time is in decaauts)
 A = Elapsed time spent in this place.
 B = Non-inter-level travel time spent in this place.
 C = Inter-level travel time spent in this place.
 D = Time resting spent in this place.
 E = Time spent auto-exploring this place.
 F = Levels seen in this place.
 G = Mean time per level.
                   A        B        C        D        E       F      G
               +--------+--------+--------+--------+--------+-----+--------+
         Total |  23483 |  22130 |   1353 |   1185 |  16131 |  19 | 1235.9 |
       Dungeon |  15441 |  14393 |   1048 |   1141 |  10158 |  11 | 1403.7 |
        Temple |    466 |    424 |     42 |      0 |    417 |   1 |  466.0 |
          Lair |   7272 |   7010 |    262 |     44 |   5389 |   6 | 1212.0 |
         Sewer |    303 |    303 |      0 |      0 |    167 |   1 |  303.0 |
               +--------+--------+--------+--------+--------+-----+--------+

Top non-repeatable levels by time:
  Lair:6: 2238 daAuts
     D:9: 2214 daAuts
     D:7: 1908 daAuts
     D:1: 1767 daAuts
     D:5: 1501 daAuts
     D:2: 1424 daAuts
    D:11: 1252 daAuts
     D:3: 1247 daAuts
  Lair:3: 1217 daAuts
     D:8: 1211 daAuts
     D:4: 1139 daAuts
  Lair:5: 1133 daAuts
    D:10: 1076 daAuts
  Lair:4: 968 daAuts
  Lair:1: 907 daAuts
